 Dungeon Crawl Stone Soup version 0.31.0-32-g396128a36d (webtiles) character file.

Game seed: 16202071444551953445

109 Curundu the Trooper (level 4, -3/42 HPs)
             Began as a Minotaur Berserker on Mar 24, 2024.
             Was a Believer of Trog.
             Killed by divine providence
             ... invoked by an orc priest
              (11 damage)
             ... on level 3 of the Dungeon.
             The game lasted 00:03:41 (1381 turns).

Curundu the Trooper (Minotaur Berserker)            Turns: 1381, Time: 00:03:41

Health: -3/42      AC:  3    Str: 23    XL:     4   Next: 60%
Magic:  3/3        EV: 12    Int:  7    God:    Trog [**....]
Gold:   49         SH:  0    Dex: 10    Spells: 3/3 levels left

rFire   . . .        a - +0 hand axe
rCold   . . .        (no shield)
rNeg    . . .        b - +0 animal skin
rPois   .            (helmet restricted)
rElec   .            (no cloak)
rCorr   .            (no gloves)
SInv    .            i - +0 pair of boots "Zaulyn" {Regen+ Int+3}
Will    .....        (no amulet)
Stlth   +            (no ring)
HPRegen 1.07/turn    (no ring)
MPRegen 0.08/turn

%: no passive effects
@: on berserk cooldown, slowed, very slow
A: horns 2, retaliatory headbutt
a: Renounce Religion, Berserk, Trog's Hand


You were on level 3 of the Dungeon.
You worshipped Trog.
Trog was pleased with you.
You visited 1 branch of the dungeon, and saw 3 of its levels.

You collected 49 gold pieces.

Inventory:

Hand Weapons
 a - a +0 hand axe (weapon)
Armour
 b - a +0 animal skin (worn)
 i - the +0 pair of boots "Zaulyn" (worn) {Regen+ Int+3}
   (You found it on level 3 of the Dungeon)

   Int+3:     It affects your intelligence (+3).
   Regen+:    It increases your rate of health regeneration.
Jewellery
 d - a ring of flight
Scrolls
 e - a scroll of immolation {unknown}
 f - 2 scrolls of amnesia {unknown}
 g - a scroll of poison {unknown}
 j - a scroll of blinking {unknown}
Potions
 c - a potion of attraction {unknown}
 h - a potion of heal wounds {unknown}


   Skills:
 + Level 5.0 Fighting
 + Level 4.7 Axes
 + Level 2.6 Armour
 + Level 2.9 Dodging
 + Level 0.8 Stealth


You had 3 spell levels left.
You didn't know any spells.
Your spell library was empty.

Dungeon Overview and Level Annotations

Branches:
Dungeon (3/15)

Altars:


Innate Abilities, Weirdness & Mutations

You have a pair of horns on your head.
You reflexively headbutt those who attack you in melee.


Message History

You kill the adder!
Trog accepts your kill.
You hit the orc but do no damage. You barely miss the orc priest.
The orc hits you with a +0 club.
The orc priest hits you with a +0 flail.
You hit the endoplasm.
You kill the endoplasm!
Trog accepts your kill.
You hit the orc. You closely miss the orc priest. The orc closely misses you.
The orc priest hits you with a +0 flail.
The bat completely misses you.
You closely miss the bat. You slash the orc priest! You slash the orc!
You kill the orc!
Trog accepts your kill. The bat misses you.
The orc priest calls down the wrath of Beogh upon you.
Beogh smites you!
* * * LOW HITPOINT WARNING * * *
The orc hits you but does no damage. The bat hits you but does no damage.
You feel a strong urge to attack something.
You are no longer berserk.
You are exhausted.
You feel yourself slow down.
You feel the effects of Trog's Hand fading.
The bat hits you.
Things that are here:
a +0 hand axe; an orc corpse The bat closely misses you.
The giant cockroach barely misses you.
Your skin stops crawling.
You feel less strong-willed. The bat closely misses you.
The giant cockroach attacks as it pursues you!
The giant cockroach bites you but does no damage.
The orc priest calls down the wrath of Beogh upon you.
Beogh smites you!
* * * LOW HITPOINT WARNING * * *
The giant cockroach bites you but does no damage.
The orc priest invokes the aid of Beogh against you.
Beogh smites you!
You die...

## .. #. #. ##### #### #. #.
#... ..###########
#?..#)##.##########.#..........
#..)....o)gB@)....#.######...
#....)....o.b.........# #.##
.....#.##.##########^###
####.## ..<# #. #.# #...
....... .# .. #.#
###.########.## ... #.#
#......# #.## .... #.#
######.#.##.#####... ..... ...
.......>)).......)..
.####.#####..#......


You could see an orc priest, an orc, a giant cockroach, a goblin and a bat.

Vanquished Creatures
  An orc priest (D:3)
  2 adders
  2 dart slugs
  8 orcs (D:3)
  5 ball pythons
  4 endoplasms
  A giant cockroach (D:2)
  8 goblins
  2 hobgoblins (D:2)
  3 kobolds
  4 quokkas
  3 bats
  2 frilled lizards
  A rat (D:2)
46 creatures vanquished.

Notes
Turn   | Place    | Note
-------+----------+-------------------------------------------
     0 | D:1      | Curundu the Minotaur Berserker began the quest for the Orb.
     0 | D:1      | Reached XP level 1. HP: 19/19 MP: 0/0
   318 | D:1      | Reached skill level 4 in Fighting
   356 | D:1      | Reached XP level 2. HP: 25/27 MP: 1/1
   831 | D:2      | Reached XP level 3. HP: 34/34 MP: 2/2
  1273 | D:3      | Reached ** piety under Trog
  1298 | D:3      | Identified the +0 pair of boots "Zaulyn" {Regen+ Int+3}
  1370 | D:3      | Reached skill level 5 in Fighting
  1370 | D:3      | Reached XP level 4. HP: 30/42 MP: 3/3
  1381 | D:3      | Killed from afar by an orc priest

Illustrated notes

Levels and vault maps discovered:
D:1:      minmay_arrival_shoal_huts, layout_rooms, minmay_distorted
D:2:      layout_rooms
D:3:      layout_loops_ring, gammafunk_ghost_grave, nrook_loot_triangle,
          minmay_circle_x

Skill      XL: |  1  2  3 |
---------------+----------+-----
Fighting       | 4 5 |  5.0
Axes           | 4 |  4.7
Armour         | |  2.6
Dodging        | |  2.9
Stealth        | |  0.8

Action                     |  1- 3 |  4- 6 || total
---------------------------+-------+-------++-------
  Melee: Hand axe          |    74 |     4 ||    78
         Headbutt          |    10 |     1 ||    11
 Invoke: Berserk           |     2 |       ||     2
         Trog's Hand       |     1 |       ||     1
 Armour: Animal skin       |    61 |     9 ||    70
  Dodge: Dodged            |    56 |     6 ||    62
